 Dungeon Crawl Stone Soup version 0.29.1-2-gbd0b4ee654 (webtiles) character file.

Game seed: 4881937703392969000

13908 croobank the Nimble (level 11, -1/54 HPs)
             Began as a Felid Summoner on Oct 28, 2022.
             Was an Initiate of Gozag.
             Slain by a blink frog (7 damage)
             ... on level 2 of the Lair of Beasts.
             The game lasted 01:17:51 (22333 turns).

croobank the Nimble (Felid Summoner)               Turns: 22333, Time: 01:17:52

Health: -1/54      AC:  2    Str:  4    XL:     11   Next: 81%
Magic:  16/25      EV: 26    Int: 21    God:    Gozag
Gold:   1653       SH:  0    Dex: 17    Spells: 9/28 levels left
                                        Lives:  0   Deaths: 3

rFire   . . .      SeeInvis +   (weapon unavailable)
rCold   . . .      Faith    .   (shield unavailable)
rNeg    . . .      Spirit   .   (body armour unavailable)
rPois   .          Reflect  .   (helmet unavailable)
rElec   .          Harm     .   (cloak unavailable)
rCorr   .          Rampage  .   (gloves unavailable)
Will    +....                   (boots unavailable)
Stlth   ++........              (no amulet)
HPRegen 0.18/turn               (no ring)
MPRegen 0.19/turn               (no ring)

@: quick
A: very small, claws 1, fangs 3, see invisible, speed 1, shaggy fur 2, stealthy
paws, no weapons or thrown items, no armour, multi-lived
a: Renounce Religion, Potion Petition, Call Merchant, Bribe Branch


You were on level 2 of the Lair of Beasts.
You worshipped Gozag.
Gozag was most pleased with you.
You visited 3 branches of the dungeon, and saw 16 of its levels.

You collected 2579 gold pieces.
You spent 132 gold pieces at shops.
You paid 794 gold pieces to Gozag.

Inventory:

Jewellery
 B - the ring of Traps {rC+ Dex+6}
   (You found it on level 1 of the Lair of Beasts)

   [ring of dexterity]

   Dex:       It affects your dexterity (+6).
   rC:        It protects you from cold.
 C - a ring of ice
Wands
 s - a wand of paralysis (18)
 y - a wand of digging (4)
 z - a wand of roots (6)
 A - a wand of flame (3)
Scrolls
 e - 6 scrolls of enchant weapon
 f - 5 scrolls of teleportation
 g - 4 scrolls of enchant armour
 h - 5 scrolls of fear
 j - a scroll of amnesia
 k - 2 scrolls of magic mapping
 l - 3 scrolls of identify
 o - a scroll of immolation
 p - a scroll of torment
 q - a scroll of butterflies
 r - 2 scrolls of vulnerability
 w - a scroll of brand weapon {unknown}
Potions
 a - 2 potions of might
 b - 7 potions of curing
 c - 2 potions of haste
 d - 2 potions of lignification
 i - 6 potions of brilliance
 t - a potion of resistance
 u - 2 potions of heal wounds
 x - 3 potions of attraction
Miscellaneous
 v - a phantom mirror


   Skills:
 + Level 9.7 Fighting
 + Level 12.9 Dodging
 - Level 3.0 Stealth
 + Level 9.3 Spellcasting
 - Level 5.0 Hexes
 - Level 10.0 Summonings
 - Level 7.0 Air Magic


You had 9 spell levels left.
You knew the following spells:

 Your Spells              Type           Power      Damage    Failure   Level
a - Summon Small Mammal   Summ           100%       N/A       1%          1
b - Call Imp              Summ           51%        N/A       1%          2
c - Call Canine Familiar  Summ           51%        N/A       1%          3
d - Summon Guardian Gole  Hex/Summ       41%        N/A       1%          3
e - Summon Lightning Spi  Summ/Air       45%        N/A       2%          4
f - Swiftness             Air            39%        N/A       1%          3
g - Inner Flame           Hex/Fire       20%        N/A       8%          3

Your spell library contained the following spells:

 Spells                   Type           Power      Damage    Failure   Level
 Confusing Touch          Hex            30%        N/A       2%          3
 Ensorcelled Hibernation  Hex/Ice        40%        N/A       3%          2
 Beastly Appendage        Tmut           18%        N/A       7%          1
 Cause Fear               Hex            15%        N/A       9%          4
 Passwall                 Tmut/Erth      7%         N/A       11%         2
 Wereblood                Tmut           9%         N/A       11%         2
 Gell's Gravitas          Tloc           9%         N/A       22%         3
 Lesser Beckoning         Tloc           9%         N/A       22%         3
 Spider Form              Tmut/Pois      9%         N/A       22%         3
 Teleport Other           Tloc           9%         N/A       22%         3
 Yara's Violent Unravell  Hex/Tmut       10%        3d6       56%         5
 Enfeeble                 Hex            15%        N/A       100%        7
 Malign Gateway           Summ/Tloc      15%        N/A       100%        7
 Discord                  Hex            15%        N/A       100%        8
 Summon Horrible Things   Summ           25%        N/A       100%        8


Dungeon Overview and Level Annotations

Branches:
Dungeon (13/15)            Temple (1/1) D:6            Lair (2/5) D:11
    Orc (0/2) D:10
  Swamp: Lair:2-3    Shoals: Lair:2-3     Snake: Lair:2-3    Spider: Lair:2-3
 Vaults: D:13-14

Altars:
Ashenzari
Cheibriados
Dithmenos
Elyvilon
Fedhas
Gozag
Hepliaklqana
Kikubaaqudgha
Makhleb
Nemelex Xobeh
Okawaru
Qazlal
Ru
Sif Muna
Trog
Uskayaw
Vehumet
Wu Jian
Xom
Yredelemnul
Zin
The Shining One

Shops:
D:6 (   D:11 *

Annotations:
D:3 2 transporters
D:5 1 runed translucent door, styxcanada's ghost, novice SpBr
Lair:2 Harold


Innate Abilities, Weirdness & Mutations

You have sharp claws.
You have razor-sharp teeth.
You have supernaturally acute eyesight. (SInv)
You cover ground quickly. (Speed+)
You are covered in thick fur. (AC +2)
Your paws help you pounce on unaware monsters.
You are incapable of wielding weapons or throwing items.
You cannot wear armour.
You gain extra lives every three experience levels.


Message History

The bolt of electricity hits the blink frog!
What are your orders? t - Meow!
Orders for allies: a - Attack new target. p - Attack previous target. r - Retreat! s - Stop attacking. g - Guard the area. f - Follow me.
Anything else - Cancel.
Gang up on whom?
Press: ? - help, Dir - move target, f/p - Harold
Aim: Harold, wielding a +0 vorpal war axe and wearing a +2 scale mail of fire resistance (inner flame) Attack!
Harold misses your wolf.
The blink frog blinks! x2
Your wolf bites Harold but does no damage.
The blink frog blinks!
Your wolf closely misses Harold.
Harold misses your wolf.
Your wolf bites Harold.
Flame seeps out of Harold.
Harold is engulfed in blazing flames.
Flame seeps out of Harold.
Harold hits your wolf with a +0 vorpal war axe!
Your wolf bites Harold.
Flame seeps out of Harold.
The blink frog hits you!
The blink frog blinks!
The blink frog blinks!
Your wolf bites Harold!
Flame seeps out of Harold.
Harold is engulfed in blazing flames.
Flame seeps out of Harold.
Harold hits your wolf with a +0 vorpal war axe.
Your lightning spire shoots out a bolt of lightning at Harold!
The bolt of electricity misses your wolf.
The bolt of electricity hits Harold!
Flame seeps out of Harold.
The bolt of electricity hits the naga!
The bolt of electricity hits the naga.
Your wolf bites Harold.
Flame seeps out of Harold.
The blink frog hits you!!
* * * LOW HITPOINT WARNING * * *
Your wolf bites Harold.
Flame seeps out of Harold.
Harold is engulfed in blazing flames.
Flame seeps out of Harold.
Harold hits your wolf with a +0 vorpal war axe!
Your wolf dies!
Your wolf's corpse disappears in a puff of smoke!
Your lightning spire shoots out a bolt of lightning at Harold!
The bolt of electricity hits Harold.
Flame seeps out of Harold.
The blink frog hits you!
* * * LOW HITPOINT WARNING * * *
The blink frog blinks!
The blink frog hits you!
You die...
Your body crumbles into a pile of gold.

P###### ...#..##
####### ....#..##
#...#.#
........###.....#...
#..................
#............[....
#....F##...P......
##@........#....#..
#.F8.......####....
##.........##......
#..@.....###....#.
###..#N..ยง...#...##.
##........#.........#
#........##.........#
###......#...........#
#...P..#...N#....#..##


You could see Harold (inner flame, distracted, ally target), 2 blink frogs, a
naga and a friendly lightning spire (summoned).

Vanquished Creatures
  Fannar (Lair:2)
  Urug (Lair:1)
  An unseen horror (D:11)
  Psyche (D:8)
  A cane toad (Lair:2)
  A komodo dragon (Lair:2)
  2 blink frogs (Lair:2)
  A yak (Lair:1)
  A naga (Lair:2)
  A water moccasin (Lair:1)
  A bullfrog (Lair:1)
  4 electric eels (D:11)
  A gnoll (D:8)
  An orc (D:7)
  2 bats (D:1)
  An endoplasm (D:2)
  2 giant cockroaches (D:1)
  2 jackals (D:1)
  3 quokkas (D:5)
  A frilled lizard (D:1)
  A kobold (D:12)
  2 rats
32 creatures vanquished.

Vanquished Creatures (collateral kills)
  Snorg (D:10)
  A boulder beetle (D:11)
  A two-headed ogre (D:12)
  Nergalle (D:11)
  A lindwurm (Lair:2)
  A cyclops (D:11)
  A cane toad (Lair:2)
  5 komodo dragons
  4 kobold demonologists
  3 trolls
  7 blink frogs
  A vampire (D:11)
  2 shadows
  6 yaks
  A steam dragon (D:10)
  A water moccasin (Lair:2)
  5 orc warriors
  An ogre (D:5)
  A black bear (D:4)
  2 wolves (D:11)
  4 centaurs
  8 kobold brigands
  3 bullfrogs
  2 necrophages
  A gnoll sergeant (D:12)
  2 scorpions
  A howler monkey (D:11)
  An electric eel (D:11)
  4 hounds
  9 orc priests
  A gnoll bouda (D:8)
  An iguana (D:7)
  15 orc wizards
  9 gnolls
  16 adders
  A white imp (D:7)
  4 worms
  3 dart slugs
  66 orcs
  6 endoplasms
  5 giant cockroaches
  7 goblins
  A hobgoblin (D:2)
  5 jackals
  16 kobolds
  3 quokkas
  6 ball pythons
  4 bats
  A frilled lizard (D:3)
  3 rats
254 creatures vanquished.

Vanquished Creatures (others)
  3 two-headed ogres
  2 trolls
  A wraith (D:12)
  A water elemental (D:11)
  7 yaks
  An orc warrior (D:7)
  An ice beast (D:7)
  A wolf (D:11)
  An ogre (D:6)
  A centaur (D:8)
  A kobold brigand (D:8)
  A bullfrog (D:8)
  A howler monkey (D:6)
  An orc priest (D:7)
  A hound (D:11)
  A jelly (D:6)
  2 orc wizards (D:8)
  A gnoll (D:8)
  A white imp (D:6)
  4 orcs
  A kobold (D:8)
  7 fungi (Lair:2)
  10 plants
51 creatures vanquished.

Grand Total: 337 creatures vanquished

Notes
Turn   | Place    | Note
-------+----------+-------------------------------------------
     0 | D:1      | croobank the Felid Summoner began the quest for the Orb.
     0 | D:1      | Reached XP level 1. HP: 7/7 MP: 4/4
   437 | D:1      | Reached skill level 3 in Dodging
   437 | D:1      | Reached XP level 2. HP: 10/11 MP: 1/6
   737 | D:1      | Found a faded altar of an unknown god.
  1148 | D:1      | Learned a level 2 spell: Call Imp
  1727 | D:2      | Reached XP level 3. HP: 15/15 MP: 3/7
  1731 | D:2      | Learned a level 3 spell: Call Canine Familiar
  1863 | D:2      | Reached skill level 1 in Fighting
  2660 | D:2      | Reached XP level 4. HP: 19/19 MP: 0/8
  2958 | D:2      | Reached skill level 4 in Dodging
  3349 | D:3      | Found a broken altar of Ashenzari.
  3360 | D:3      | Reached XP level 5. HP: 22/22 MP: 3/10
  3366 | D:3      | Learned a level 3 spell: Summon Guardian Golem
  3417 | D:3      | Noticed a centaur
  3419 | D:3      | Found a transporter.
  3425 | D:3      | Noticed an ice beast
  3431 | D:3      | Found a transporter.
  3512 | D:3      | Reached skill level 1 in Hexes
  3990 | D:3      | Found a hide-covered altar of Uskayaw.
  4651 | D:4      | Noticed a black bear
  4666 | D:4      | Killed a black bear
  4667 | D:4      | Reached skill level 5 in Summonings
  4667 | D:4      | Gained mutation: You are covered in thick fur. (AC +2)
                  | [Felid growth]
  4667 | D:4      | Reached XP level 6. HP: 27/27 MP: 0/12
  5313 | D:5      | Entered Level 5 of the Dungeon
  5395 | D:5      | Found a runed translucent door.
  5442 | D:5      | Noticed styxcanada's ghost (novice SpBr)
  5572 | D:5      | Found a bloodstained altar of Trog.
  5679 | D:5      | Found a radiant altar of Vehumet.
  5826 | D:5      | Reached skill level 5 in Dodging
  5942 | D:5      | Found a shadowy altar of Dithmenos.
  5989 | D:5      | Reached XP level 7. HP: 31/31 MP: 7/13
  6178 | D:5      | You fall into a shaft and drop 2 floors!
  6257 | D:7      | Noticed a troll
  6575 | D:6      | Found Neiblenk's Weapon Boutique.
  6620 | D:6      | Learned a level 4 spell: Summon Lightning Spire
  6658 | D:6      | Found a burning altar of Makhleb.
  6749 | D:6      | Reached skill level 6 in Dodging
  6749 | D:6      | Reached XP level 8. HP: 25/36 MP: 4/15
  7145 | D:6      | Reached skill level 5 in Hexes
  7402 | D:6      | Found an iron altar of Okawaru.
  7417 | D:6      | Reached skill level 1 in Air Magic
  7762 | D:6      | Found a staircase to the Ecumenical Temple.
  7774 | Temple   | Entered the Ecumenical Temple
  7968 | D:7      | Found a hazy altar of Hepliaklqana.
  8197 | D:7      | Found an opulent altar of Gozag.
  8198 | D:7      | Found a shimmering blue altar of Sif Muna.
  8205 | D:7      | Became a worshipper of Gozag Ym Sagoz the Greedy
  8402 | D:7      | Killed by an exploding themself... ignited by their inner
                  | flame
  8403 | D:7      | Reached XP level 7. HP: -21/33 MP: 13/15
  8875 | D:7      | Killed a troll
  8876 | D:7      | Reached skill level 7 in Dodging
  8876 | D:7      | Reached skill level 5 in Spellcasting
  8876 | D:7      | Reached XP level 8. HP: 36/36 MP: 13/16
  9187 | D:8      | Noticed a two-headed ogre
  9202 | D:8      | Killed a two-headed ogre
  9203 | D:8      | Reached skill level 5 in Fighting
  9731 | D:8      | Reached skill level 8 in Dodging
  9771 | D:8      | Slain by a centaur
  9772 | D:8      | Reached XP level 7. HP: 0/49 MP: 2/16
  9791 | D:8      | Reached XP level 8. HP: 37/37 MP: 9/17
 10550 | D:8      | Noticed Psyche
 10597 | D:8      | Killed Psyche
 11031 | D:9      | Noticed a two-headed ogre
 11046 | D:9      | Killed a two-headed ogre
 11047 | D:9      | Reached XP level 9. HP: 41/41 MP: 9/19
 11312 | D:9      | Reached skill level 9 in Dodging
 11542 | D:9      | Found an ancient bone altar of Kikubaaqudgha.
 11605 | D:9      | Found a shimmering altar of Xom.
 12039 | D:10     | Entered Level 10 of the Dungeon
 12559 | D:10     | Noticed a two-headed ogre
 12583 | D:10     | Killed a two-headed ogre
 12584 | D:10     | Reached skill level 5 in Air Magic
 12584 | D:10     | Reached XP level 10. HP: 38/47 MP: 9/21
 12901 | D:10     | Reached skill level 10 in Dodging
 13057 | D:10     | Noticed an orange demon
 13066 | D:10     | Found a staircase to the Orcish Mines.
 13538 | D:10     | Noticed Snorg
 13562 | D:10     | Killed Snorg
 14097 | D:11     | Noticed a boulder beetle
 14124 | D:11     | Killed a boulder beetle
 14818 | D:11     | Reached XP level 11. HP: 51/51 MP: 17/23
 15595 | D:11     | Reached skill level 11 in Dodging
 15907 | D:11     | Found a staircase to the Lair.
 15908 | D:11     | Noticed Nergalle
 15938 | D:11     | Mangled by a spectral orc warrior
 15938 | D:11     | Killed Nergalle
 15939 | D:11     | Reached XP level 10. HP: -9/44 MP: 7/22
 15946 | D:12     | Noticed a two-headed ogre
 15991 | D:12     | Killed a two-headed ogre
 16766 | D:11     | Noticed an orange demon
 17076 | D:11     | Learned a level 3 spell: Swiftness
 17172 | D:12     | Reached XP level 11. HP: 52/52 MP: 14/24
 17942 | D:13     | Noticed a two-headed ogre
 17983 | D:11     | Learned a level 3 spell: Inner Flame
 18003 | D:11     | HP: 1/52 [electric eel/bolt of electricity (14)]
 18470 | D:11     | Bought a fluorescent wand for 132 gold pieces
 19216 | Lair:1   | Entered Level 1 of the Lair of Beasts
 19221 | Lair:1   | Noticed Urug
 19236 | Lair:1   | Killed Urug
 19920 | Lair:1   | Reached skill level 12 in Dodging
 19920 | Lair:1   | Reached skill level 10 in Summonings
 20085 | Lair:1   | Identified the ring of Traps {rC+ Dex+6}
 20580 | Lair:2   | Noticed a lindwurm
 20643 | Lair:2   | Noticed Fannar
 20656 | Lair:2   | Killed Fannar
 20955 | Lair:2   | Noticed Harold
 21845 | Lair:2   | Killed a lindwurm
 22333 | Lair:2   | Slain by a blink frog

Illustrated notes

Levels and vault maps discovered:
D:1:      arrival_zaba_pyramid, layout_basic, dreamdust_ecumenical_altar_statues
D:2:      layout_loops_ring
D:3:      layout_loops_ring, gammafunk_temple_overflow_arena,
          lemuel_doored_altar, minmay_misc_feat_chi, minmay_misc_feat_five,
          minivault_25, lightli_corner_chamber
D:4:      layout_gridville
D:5:      layout_rooms, trog_butcher_becter, kennysheep_mini_moat,
          nicolae_dithmenos_through_a_glass_darkly,
          ebering_ghost_reflecting_pool, st_stairs_10
D:6:      layout_loops_ring, kennysheep_mini, mainiacjoe_overflow_cross_hatched,
          minmay_temple_entry_nine_rooms, serial_shops, nicolae_stop_n_shop_1,
          minmay_misc_feat_enclosed
D:7:      layout_loops_corners, grunt_temple_overflow_open, nrook_mini_backslash
D:8:      layout_loops_ring, uniq_psyche
D:9:      layout_basic, kiku_gazebo_garden_becter, brannock_xom_greatest_gift
D:10:     layout_cave_pools, hiddenorc2_lemuel, grunt_decor_junction, uniq_snorg
D:11:     layout_long_grid, erik_lair_island, minivault_4, uniq_nergalle
D:12:     layout_rooms
D:13:     layout_irregular_city, minmay_pinched_square
Temple:   hellmonk_temple_rainy
Lair:1:   layout_cave_pods, minivault_23, uniq_urug
Lair:2:   layout_misc_corridors, minmay_snake_entry_guardpost_small,
          uniq_harold, uniq_fannar

Skill      XL: |  1  2  3  4  5  6  7  8  9 10 11 |
---------------+----------------------------------+-----
Stealth        | 3 |  3.0
Dodging        | 3 4 5 7 8 9 10 12 | 12.9
Fighting       | 1 2 3 6 7 9 |  9.7
Spellcasting   | 3 5 6 8 9 |  9.3
Hexes          | 2 3 4 5 |  5.0
Summonings     | 5 7 8 9 10 | 10.0
Air Magic      | 2 4 5 6 7 |  7.0

Action                   |  1- 3 |  4- 6 |  7- 9 | 10-12 || total
-------------------------+-------+-------+-------+-------++-------
Melee: Unarmed           |    27 |    24 |    24 |    30 ||   105
       Bite              |     3 |     6 |     4 |     2 ||    15
 Cast: Summon Small Mamm |    45 |    44 |    63 |    18 ||   170
       Call Imp          |     5 |    16 |    17 |     7 ||    45
       Call Canine Famil |     4 |    27 |    58 |    50 ||   139
       Summon Guardian G |       |       |    23 |    16 ||    39
       Summon Lightning  |       |       |    12 |    67 ||    79
       Swiftness         |       |       |       |     1 ||     1
       Inner Flame       |       |       |       |    21 ||    21
Invok: Call Merchant     |       |       |       |     1 ||     1
Evoke: Wand              |       |       |     2 |     9 ||    11
  Use: Potion            |     1 |       |     4 |     5 ||    10
       Scroll            |       |    13 |     6 |    10 ||    29
 Stab: Sleeping          |     4 |     2 |       |       ||     6
       Distracted        |     1 |       |     1 |     1 ||     3
Armor: Skin              |     5 |       |     2 |    10 ||    17
Dodge: Dodged            |    56 |    32 |    62 |   229 ||   379
